 Dungeon Crawl Stone Soup version 0.29.0-5-ge4962eb29e (webtiles) character file.

Game seed: 5222812016547142634

9898 blackman the Exorcist (level 11, 0/78 HPs)
             Began as a Human Wanderer on Aug 29, 2022.
             Was an Elder of the Shining One.
             Slain by a wolf (6 damage)
             ... led by Grum
             ... on level 9 of the Dungeon.
             The game lasted 00:38:25 (20823 turns).

blackman the Exorcist (Human Wanderer)             Turns: 20823, Time: 00:38:26

Health: 0/78       AC: 13    Str: 28    XL:     11   Next: 82%
Magic:  19/19      EV:  7    Int: 11    God:    the Shining One [****..]
Gold:   580        SH:  3    Dex: 15    Spells: 11/12 levels left

rFire   . . .      SeeInvis .   B - +3 broad axe
rCold   . . .      Faith    +   h - +0 buckler
rNeg    + + .      Spirit   .   q - +0 plate armour
rPois   .          Reflect  .   (no helmet)
rElec   .          Harm     .   (no cloak)
rCorr   .          Rampage  .   e - +0 pair of gloves
Will    .....                   (no boots)
Stlth   ..........              d - amulet of faith
HPRegen 0.23/turn               k - +6 ring of strength
MPRegen 0.16/turn               l - +6 ring of dexterity

@: glowing, studying Fighting
A: no striking features
a: Renounce Religion, Divine Shield, Cleansing Flame


You were on level 9 of the Dungeon.
You worshipped the Shining One.
The Shining One was greatly pleased with you.
You visited 2 branches of the dungeon, and saw 12 of its levels.

You collected 867 gold pieces.
You spent 287 gold pieces at shops.

Inventory:

Hand Weapons
 v - a +0 trident
 B - a +3 broad axe (weapon)
 I - the +4 battleaxe of the Eleven Nights {antimagic, rF+ Str+4 Dex-2}
   (You bought it in a shop on level 3 of the Dungeon)

   It reduces the magical energy of the wielder, and disrupts the spells and
   magical abilities of those it strikes.
   Natural abilities and divine invocations are not affected.
   Str:       It affects your strength (+4).
   Dex:       It affects your dexterity (-2).
   rF:        It protects you from fire.
Missiles
 i - a javelin
 j - 5 curare-tipped darts
 n - 9 poisoned darts
Armour
 b - a +0 ring mail
 e - a +0 pair of gloves (worn)
 h - a +0 buckler (worn)
 m - a +0 chain mail
 q - a +0 plate armour (worn)
Jewellery
 d - an amulet of faith (around neck)
 f - an amulet of magic regeneration
 k - a +6 ring of strength (left hand)
 l - a +6 ring of dexterity (right hand)
 u - a ring of positive energy
 w - a ring of poison resistance
 x - an amulet of regeneration
 z - a ring of willpower
 A - an amulet of the acrobat
Wands
 o - a wand of digging (4)
 D - a wand of polymorph (19)
Scrolls
 a - a scroll of fog
 c - 2 scrolls of vulnerability
 g - a scroll of poison
 p - 5 scrolls of amnesia
 r - a scroll of noise
 s - 4 scrolls of immolation
 y - 2 scrolls of blinking
 E - a scroll of teleportation
 J - 2 scrolls of fear {unknown}
 K - a scroll of identify
Potions
 t - 3 potions of curing
 C - a potion of attraction
 F - 4 potions of degeneration
 G - a potion of lignification
 H - a potion of mutation
 L - a potion of magic {unknown}


   Skills:
 * Level 4.5 Fighting
 - Level 9.8(11.4) Axes
 - Level 9.2(11.1) Polearms
 * Level 5.4 Armour
 - Level 1.0 Spellcasting
 - Level 2.0 Hexes
 - Level 11.2 Invocations


You had 11 spell levels left.
You knew the following spells:

 Your Spells              Type           Power      Damage    Failure   Level
a - Slow                  Hex            20%        N/A       91%         1

Your spell library contained the following spells:

 Spells                   Type           Power      Damage    Failure   Level
 Magic Dart               Conj           0%         1d3       99%         1
 Sting                    Tmut/Pois      0%         1d3       99%         1
 Poisonous Vapours        Pois/Air       0%         N/A       100%        2
 Searing Ray              Conj           0%         2d4       100%        2
 Gell's Gravitas          Tloc           0%         N/A       100%        3
 Inner Flame              Hex/Fire       2%         N/A       100%        3
 Summon Guardian Golem    Hex/Summ       2%         N/A       100%        3
 Teleport Other           Tloc           0%         N/A       100%        3
 Cause Fear               Hex            2%         N/A       100%        4
 Fulminant Prism          Conj/Hex       1%         3d6       100%        4
 Olgreb's Toxic Radiance  Pois           0%         N/A       100%        4
 Iskenderun's Battlesphe  Conj           0%         2d6       100%        5
 Dispersal                Tloc           0%         N/A       100%        6
 Iron Shot                Conj/Erth      0%         9d1       100%        6
 Spellforged Servitor     Conj/Summ      0%         N/A       100%        7
 Discord                  Hex            2%         N/A       100%        8


Dungeon Overview and Level Annotations

Branches:
Dungeon (11/15)            Temple (1/1) D:5             Orc (0/2) D:9
   Lair: D:8-11

Altars:
Ashenzari
Cheibriados
Dithmenos
Fedhas
Gozag
Nemelex Xobeh
Qazlal
Ru
Sif Muna
Trog
Uskayaw
Vehumet
Xom
The Shining One

Shops:
D:3 (*(*   D:10 :

Annotations:
D:5 2 runed translucent doors
D:9 Grum
D:11 exclusion: orange crystal statue


Message History

You are too confused!
You are too confused!
Press: ? - help, v - describe, . - travel The floor.
This square is lit by a halo.
Unknown command.
The wolf howls! x2
The orc wizard gestures at you while chanting.
You are more confused.
Grum hits you from afar with a +0 halberd!
The orc wizard attacks as you move away!
The orc wizard closely misses you.
The orc wizard hits you but does no damage.
Grum barely misses you. The wolf completely misses you.
You barely miss the wolf. You slash the wolf!
The wolf bites you but does no damage. x2; The wolf bites you!
The wolf barely misses you.
Grum hits you from afar with a +0 halberd!!
You're too confused to move!
The wolf barely misses you. The wolf bites you.
The orc wizard casts a spell at you. The puff of flame misses you.
Grum sniffs the air and quickly glances around.
Grum hits you from afar with a +0 halberd!
* * * LOW HITPOINT WARNING * * *
You are too confused!
The wolf attacks as you move away! The wolf bites you.
* * * LOW HITPOINT WARNING * * *
The wolf attacks as you move away! The wolf closely misses you.
The wolf bites you but does no damage. The wolf barely misses you.
The wolf closely misses you. The wolf bites you but does no damage.
The wolf completely misses you.
Grum hits you from afar with a +0 halberd!
* * * LOW HITPOINT WARNING * * *
You barely miss the orc wizard.
The orc wizard is heavily wounded.
You hit the wolf. You hit the wolf but do no damage.
You feel less confused. The wolf bites you.
You die...

*,,,,,***,.....#...........##....
,,,,,,,,..*##............>##...##
*,,,,,,,..##..............#.8.##.
,,,,,..,.........>.#......#...'..
,,,,,...,..........#......#.8.##.
,,,,,...#,#.......###.....##...##
,,,,,....##................##....
**,,,.............#,*,.....,#'###
***,,##......go@.######.#,##)...
**,#........hh........###...##
**##..............##.#....##.
#.........#....###.....)..
##........#.....##.....##.
#.................##...##
##.#..........#....##....
####.........##..#######
*#................##....


You could see Grum, 2 wolves and an orc wizard.

Vanquished Creatures
  Erolcha (D:9)
  Erica (D:8)
  Joseph (D:8)
  Maggie (D:8)
  Psyche (D:8)
  A troll (D:10)
  A hornet (D:8)
  Sigmund (D:6)
  A vampire (D:10)
  3 wyverns
  16 yaks
  Menkaure (D:4)
  A warg (D:9)
  Edmund (D:6)
  A water moccasin (D:6)
  3 ice beasts (D:6)
  A black bear (D:6)
  5 orc warriors
  6 centaurs
  The ghost of Sobieck the Ruffian, an amateur VSMo (D:3)
  3 bullfrogs
  A necrophage (D:5)
  5 scorpions
  13 wights
  6 howler monkeys (D:10)
  4 jellies
  6 hounds
  8 orc priests
  2 iguanas
  Natasha (D:2)
  10 orc wizards
  4 gnolls
  10 adders
  3 white imps
  2 worms
  5 dart slugs
  36 orcs
  5 ball pythons
  6 bats
  6 endoplasms
  A giant cockroach (D:2)
  6 goblins
  7 hobgoblins
  3 jackals (D:2)
  6 kobolds
  7 quokkas
  7 frilled lizards
  5 rats
226 creatures vanquished.

Vanquished Creatures (others)
  A fungus (D:1)
  A plant (D:1)
2 creatures vanquished.

Grand Total: 228 creatures vanquished

Notes
Turn   | Place    | Note
-------+----------+-------------------------------------------
     0 | D:1      | blackman the Human Wanderer began the quest for the Orb.
     0 | D:1      | blackman set off with the following items: a +2 spear, a +0
                  | ring mail, a scroll of vulnerability; and the following
                  | spell memorised: Slow; and the following spells available
                  | to memorise: Summon Guardian Golem.
     0 | D:1      | Reached XP level 1. HP: 15/15 MP: 2/2
   126 | D:1      | Found a faded altar of an unknown god.
   136 | D:1      | Prayed at the altar of an unknown god.
   136 | D:1      | Became a worshipper of the Shining One
   136 | D:1      | Reached * piety under the Shining One
   484 | D:1      | Reached XP level 2. HP: 21/21 MP: 3/3
   716 | D:1      | Reached XP level 3. HP: 26/26 MP: 4/4
  1315 | D:2      | Reached XP level 4. HP: 29/32 MP: 5/5
  1598 | D:2      | Noticed Natasha
  1606 | D:2      | Killed Natasha
  1607 | D:2      | Reached skill level 5 in Polearms
  2078 | D:3      | Found Wuskyim's Weapon Emporium.
  2106 | D:3      | Found a hide-covered altar of Uskayaw.
  2116 | D:3      | Found a radiant altar of Vehumet.
  2134 | D:3      | Reached XP level 5. HP: 37/37 MP: 6/6
  2267 | D:3      | Found a runed translucent door.
  2267 | D:3      | Reached ** piety under the Shining One
  2310 | D:3      | Noticed Sobieck's ghost (amateur VSMo)
  2502 | D:3      | Killed Sobieck's ghost
  2607 | D:3      | Reached XP level 6. HP: 43/43 MP: 7/7
  2643 | D:3      | Found Aladuonn's Assorted Antiques.
  2656 | D:3      | Found Nal Zide's Antique Weapon Shop.
  2667 | D:3      | Found Goycwininu's Assorted Antiques.
  3125 | D:4      | Found a glowing golden altar of the Shining One.
  3419 | D:4      | Found a shadowy altar of Dithmenos.
  3573 | D:4      | Reached XP level 7. HP: 47/48 MP: 8/8
  3590 | D:4      | Noticed Menkaure
  3899 | D:4      | Killed Menkaure
  4536 | D:5      | Entered Level 5 of the Dungeon
  4716 | D:5      | Found a stormy altar of Qazlal.
  4951 | D:5      | Found a staircase to the Ecumenical Temple.
  4963 | Temple   | Entered the Ecumenical Temple
  5017 | D:5      | Reached XP level 8. HP: 47/54 MP: 9/9
  5219 | D:5      | Found a sacrificial altar of Ru.
  5413 | D:5      | Found a runed translucent door.
  5418 | D:5      | Found a runed translucent door.
  5713 | D:6      | Found an opulent altar of Gozag.
  5838 | D:6      | Noticed Edmund
  5844 | D:6      | Reached skill level 1 in Axes
  5850 | D:6      | Killed Edmund
  6279 | D:6      | Noticed Sigmund
  6288 | D:6      | Killed Sigmund
  6476 | D:6      | Reached skill level 5 in Axes
  6570 | D:6      | Reached *** piety under the Shining One
  6824 | D:6      | Reached XP level 9. HP: 46/59 MP: 10/10
  7131 | D:3      | Bought a dazzling battleaxe for 287 gold pieces
  7131 | D:3      | Identified the +4 battleaxe of the Eleven Nights
                  | {antimagic, rF+ Str+4 Dex-2} (You bought it in a shop on
                  | level 3 of the Dungeon)
  8746 | D:7      | Found a blossoming altar of Fedhas.
  9564 | D:7      | Found a snail-covered altar of Cheibriados.
  9674 | D:7      | Reached XP level 10. HP: 58/65 MP: 11/11
 10082 | D:7      | Reached skill level 2 in Invocations
 10609 | D:8      | Noticed Erica
 11474 | D:8      | Reached skill level 3 in Invocations
 12128 | D:8      | Killed Erica
 12129 | D:8      | Reached skill level 6 in Invocations
 12437 | D:8      | Reached skill level 7 in Invocations
 12447 | D:8      | Found a sparkling altar of Nemelex Xobeh.
 12460 | D:8      | Reached skill level 8 in Invocations
 12668 | D:8      | Noticed Psyche
 12692 | D:8      | Found a bloodstained altar of Trog.
 12809 | D:8      | Noticed Maggie
 13051 | D:8      | Killed Psyche
 13052 | D:8      | Reached skill level 9 in Invocations
 13151 | D:8      | Noticed Joseph
 13573 | D:8      | Killed Joseph
 13574 | D:8      | Reached XP level 11. HP: 11/70 MP: 14/18
 14433 | D:8      | Killed Maggie
 14434 | D:8      | Reached skill level 10 in Invocations
 15169 | D:9      | Noticed Erolcha
 15605 | D:9      | Reached skill level 11 in Invocations
 15735 | D:9      | Noticed a rakshasa
 15735 | D:9      | Reached **** piety under the Shining One
 16356 | D:8      | HP: 3/73 [poisoned by a hornet]
 17486 | D:9      | Noticed a manticore
 17544 | D:10     | Entered Level 10 of the Dungeon
 17642 | D:10     | Found a shimmering blue altar of Sif Muna.
 18340 | D:10     | Found a broken altar of Ashenzari.
 18385 | D:10     | Found a shimmering altar of Xom.
 18489 | D:10     | Found Wonwum's Vocational Training.
 19295 | D:11     | Noticed an orange crystal statue
 19305 | D:11     | Noticed a five-headed hydra
 19645 | D:9      | Killed Erolcha
 19646 | D:9      | Reached skill level 5 in Armour
 20550 | D:9      | Found a staircase to the Orcish Mines.
 20756 | D:9      | Identified a scroll of acquirement
 20757 | D:9      | Acquired a manual of Fighting
 20809 | D:9      | Noticed Grum
 20823 | D:9      | Slain by a wolf

Illustrated notes

Levels and vault maps discovered:
D:1:      minmay_arrival_open_corners, layout_loops_corners,
          shapermc_ecumenical_altar_petra
D:2:      minmay_angry_zag, layout_basic, kennysheep_pointless_box,
          minmay_misc_feat_room, uniq_natasha
D:3:      minmay_evil_eye, layout_basic, mainiacjoe_overflow_catwalk,
          nicolae_overflow_crystal_walls, ebering_ghost_sewer_d, serial_shops,
          nicolae_shop_trees, nicolae_shop_stone, shop, shop
D:4:      layout_rooms, nicolae_tso_carved_into_rock, overflow_temple_1_default,
          grunt_ministairs_7, uniq_menkaure
D:5:      lemuel_insect_pit, layout_loops_ring, kennysheep_mini_moat,
          nicolae_qazlal_general_emergency, minmay_temple_entry_statues
D:6:      minmay_polygon_palace, layout_layer_cave, grunt_gozag_statues,
          uniq_edmund, uniq_sigmund
D:7:      layout_gridville, kennysheep_slug_shrine, fedhas_altar_3
D:8:      layout_loops_ring, lemuel_round_altar,
          mainiacjoe_overflow_surrounded_room, minivault_10, uniq_joseph,
          uniq_psyche, uniq_maggie, uniq_erica
D:9:      layout_cave_pools, david_orc_1_choice, glass_columns_b, uniq_grum,
          uniq_erolcha
D:10:     layout_loops_ring, lemuel_doored_altar, nicolae_ashenzari_panopticon,
          nicolae_sif_muna_condensation, nicolae_shop_vocational
D:11:     layout_irregular_city, lair_entry_dummy, nicolae_trove_entry_crystal,
          minmay_statue_bubble
Temple:   nicolae_temple_godpark

Skill      XL: |  1  2  3  4  5  6  7  8  9 10 11 |
---------------+----------------------------------+-----
Polearms       | 4 5 6 7 8 9 |  9.2
Axes           | 5 9 |  9.8
Invocations    | 9 11 | 11.2
Fighting       | 4 |  4.5
Armour         | 5 |  5.4
Spellcasting   | |  1.0
Hexes          | |  2.0

Action                   |  1- 3 |  4- 6 |  7- 9 | 10-12 || total
-------------------------+-------+-------+-------+-------++-------
Melee: Spear             |    82 |   126 |       |       ||   208
       Trident           |       |    22 |    77 |       ||    99
       Dagger            |       |       |    14 |       ||    14
       Broad axe         |       |       |   152 |   242 ||   394
Throw: Dart              |       |       |     6 |    16 ||    22
       Javelin           |       |       |     3 |       ||     3
Invok: Divine Shield     |       |       |     1 |     2 ||     3
       Cleansing Flame   |       |       |       |     3 ||     3
Evoke: Wand              |       |       |     7 |     4 ||    11
  Use: Scroll            |       |     2 |    12 |    11 ||    25
       Potion            |       |     2 |     2 |     4 ||     8
Armor: Ring mail         |     8 |       |       |       ||     8
       Chain mail        |    21 |    51 |    58 |       ||   130
       Skin              |       |       |     5 |       ||     5
       Plate armour      |       |       |    49 |   139 ||   188
Dodge: Dodged            |    24 |    28 |    85 |    95 ||   232
Block: Buckler           |     5 |     9 |    28 |    39 ||    81
